 Dungeon Crawl Stone Soup version 0.27.0 (webtiles) character file.

Game seed: 8848938601536812644

252 mandarbmax the Chopper (level 6, -5/52 HPs)
             Began as a Hill Orc Fighter on July 31, 2021.
             Was a Believer of Makhleb.
             Slain by Sigmund (11 damage)
             ... on level 2 of the Dungeon.
             The game lasted 00:05:57 (2304 turns).

mandarbmax the Chopper (Hill Orc Fighter)           Turns: 2304, Time: 00:05:59

Health: -5/52      AC:  6    Str: 21    XL:     6   Next: 14%
Magic:  9/9        EV:  7    Int:  8    God:    Makhleb [**....]
Gold:   103        SH:  0    Dex: 10    Spells: 5/5 levels left

rFire    . . .     SeeInvis .   a - +0 war axe
rCold    . . .     Faith    .   c - +1 kite shield
rNeg     . . .     Spirit   .   b - +0 scale mail
rPois    .         Reflect  .   (no helmet)
rElec    .         Harm     .   (no cloak)
rCorr    .         Rampage  .   (no gloves)
Will     .....                  (no boots)
Stlth    ..........             (no amulet)
HPRegen  0.17/turn              (no ring)
MPRegen  0.11/turn              (no ring)

@: confused
A: no striking features
a: Renounce Religion, Minor Destruction


You were on level 2 of the Dungeon.
You worshipped Makhleb.
Makhleb was pleased with you.
You visited 1 branch of the dungeon, and saw 3 of its levels.

You collected 103 gold pieces.

Inventory:

Hand Weapons
 a - a +0 war axe (weapon)
Missiles
 g - a throwing net
Armour
 b - a +0 scale mail (worn)
 c - a +1 kite shield (worn)
Jewellery
 h - an amulet of faith
Wands
 d - a wand of flame (5)
Scrolls
 e - a scroll of noise {unknown}
 f - a scroll of blinking
 j - a scroll of fog
Potions
 i - a potion of attraction


   Skills:
 - Level 4.0 Fighting
 + Level 6.1 Axes
 - Level 3.2 Armour
 - Level 3.2 Shields
 * Level 4.9 Invocations


You had 5 spell levels left.
You didn't know any spells.
Your spell library contained the following spells:

 Spells                   Type           Power      Damage    Failure   Level
 Foxfire                  Conj/Fire      0%         2x1d4     99%         1
 Summon Small Mammal      Summ           0%         N/A       99%         1
 Call Canine Familiar     Summ           0%         N/A       100%        3
 Conjure Flame            Conj/Fire      0%         6-21      100%        3
 Inner Flame              Hex/Fire       0%         N/A       100%        3
 Summon Guardian Golem    Hex/Summ       0%         N/A       100%        3


Dungeon Overview and Level Annotations

Branches:
Dungeon (3/15)

Altars:
Makhleb

Annotations:
D:2 Sigmund


Message History

Sigmund closely misses you.
You barely miss Sigmund.
Sigmund is heavily wounded.
Sigmund gestures wildly while chanting.
Sigmund flickers and vanishes!
Deactivating autopickup; reactivate with Ctrl-A.
You block something's attack.
You miss something.
You hear some strange, mumbled words.
Something tries to affect you, but you resist.
You closely miss something. Something hits you.
You closely miss something.
You hear some strange, mumbled words.
A puff of flame appears from out of thin air!
The puff of flame hits you! Something hits you.
Okay, then.
It was a potion of heal wounds.
You feel much better. Something hits you.
Okay, then.
Okay, then.
You barely miss something. Something hits you.
You hit something but do no damage.
You hear some strange, mumbled words.
You are confused.
Something hits you!
Unknown command.
Something hits you!
You completely miss something. Something hits you!
* * * LOW HITPOINT WARNING * * *
Okay, then.
You are too confused!
Something hits you.
* * * LOW HITPOINT WARNING * * *
Unknown command.
You barely miss something.
You hear some strange, mumbled words.
A magic dart appears from out of thin air!
The magic dart hits you.
* * * LOW HITPOINT WARNING * * *
Something hits you!
You die...

#.|......#.?.......
#........#.@.......
#........#.........
###........#....#####
#....
#..............##
#....
#.......#####......
#... #.......#
####### #..#
#.......# #..#
#....@..# #..#
#....{..#
##..#.######.......#
....#......'.......#
##.#########......##
#.........†.......#
###########.......#
#######.# .#


There were no monsters in sight!

Vanquished Creatures
  A sky beast (D:3)
  A hound (D:3)
  Jessica (D:2)
  Terence (D:3)
  3 adders (D:2)
  2 dart slugs (D:1)
  An orc (D:3)
  3 endoplasms
  4 giant cockroaches
  7 goblins
  3 hobgoblins
  4 jackals (D:1)
  A quokka (D:2)
  7 ball pythons
  3 bats
  2 frilled lizards
  2 kobolds (D:1)
  5 rats
51 creatures vanquished.

Notes
Turn   | Place    | Note
-------+----------+-------------------------------------------
     0 | D:1      | mandarbmax the Hill Orc Fighter began the quest for the
                  | Orb.
     0 | D:1      | Reached XP level 1. HP: 19/19 MP: 1/1
   136 | D:1      | Reached skill level 3 in Axes
   199 | D:1      | Reached XP level 2. HP: 26/27 MP: 2/2
   358 | D:1      | Reached skill level 4 in Axes
   476 | D:1      | Found a faded altar of an unknown god.
   484 | D:1      | Became a worshipper of Makhleb the Destroyer
   484 | D:1      | Reached * piety under Makhleb
   663 | D:1      | Reached XP level 3. HP: 33/33 MP: 3/3
   969 | D:2      | Reached skill level 1 in Invocations
  1265 | D:2      | Noticed Jessica
  1275 | D:2      | Killed Jessica
  1276 | D:2      | Reached skill level 5 in Axes
  1276 | D:2      | Reached XP level 4. HP: 27/40 MP: 5/5
  1441 | D:2      | Noticed Sigmund
  1443 | D:2      | Reached ** piety under Makhleb
  1783 | D:3      | Reached XP level 5. HP: 45/46 MP: 7/7
  1860 | D:3      | Noticed Terence
  1865 | D:3      | Killed Terence
  1959 | D:3      | Noticed a sky beast
  1966 | D:3      | Killed a sky beast
  1967 | D:3      | Reached skill level 6 in Axes
  1967 | D:3      | Reached XP level 6. HP: 45/52 MP: 7/9
  2304 | D:2      | Slain by Sigmund

Illustrated notes

Levels and vault maps discovered:
D:1:      elethiomel_arrival_quiet, layout_loops_ring, basic_ecumenical_altar,
          serial_bayou_ford_a, corexii_leaking_fountain
D:2:      minmay_chambers_of_twos, layout_basic, minmay_statues_item,
          uniq_jessica, uniq_sigmund
D:3:      layout_basic, dk_noncrumbling_4, uniq_crazy_yiuf_cottage, uniq_terence

Skill      XL: |  1  2  3  4  5 |
---------------+----------------+-----
Axes           | 3 4 5 6 |  6.1
Fighting       | 4 |  4.0
Invocations    | 2 3 4 |  4.9
Armour         | |  3.2
Shields        | |  3.2

Action                   |  1- 3 |  4- 6 || total
-------------------------+-------+-------++-------
Melee: War axe           |    85 |    54 ||   139
Invok: Minor Destruction |       |    18 ||    18
Evoke: Wand              |       |     9 ||     9
  Use: Potion            |     4 |     1 ||     5
       Scroll            |     2 |     3 ||     5
Armor: Scale mail        |    42 |    14 ||    56
Dodge: Dodged            |    32 |    23 ||    55
Block: Kite shield       |    52 |    23 ||    75
